 Dungeon Crawl Stone Soup version 0.28.0-47-ge53b351184 (webtiles) character file.

Game seed: 2730121128218852078

26 Gabide the Scholar of Death (level 2, 0/21 HPs)
             Began as a Mummy Necromancer on May 3, 2022.
             Was a Follower of Kikubaaqudgha.
             Killed from afar by Sigmund (3 damage)
             ... with a magic dart
             ... on level 2 of the Dungeon.
             The game lasted 00:01:11 (1436 turns).

Gabide the Scholar of Death (Mummy Necromancer)     Turns: 1436, Time: 00:01:11

Health: 0/21       AC:  2    Str: 11    XL:     2   Next: 89%
Magic:  4/6        EV: 12    Int: 14    God:    Kikubaaqudgha [*.....]
Gold:   5          SH:  0    Dex: 12    Spells: 6/7 levels left

rFire   x . .      SeeInvis .   (no weapon)
rCold   + . .      Faith    .   (no shield)
rNeg    + + +      Spirit   .   a - +0 robe
rPois   ∞          Reflect  .   (no helmet)
rElec   .          Harm     .   (no cloak)
rCorr   .          Rampage  .   (no gloves)
Will    .....                   (no boots)
Stlth   ++........              (no amulet)
HPRegen 0.07/turn               (no ring)
MPRegen 0.10/turn               (no ring)

@: no status effects
A: cold resistance 1, negative energy resistance 3, torment resistance 2, heat
vulnerability 1, no potions
a: Renounce Religion, Receive Corpses


You were on level 2 of the Dungeon.
You worshipped Kikubaaqudgha.
Kikubaaqudgha was aware of your devotion.
You visited 1 branch of the dungeon, and saw 2 of its levels.

You collected 5 gold pieces.

Inventory:

Armour
 a - a +0 robe (worn)
Scrolls
 b - a scroll of vulnerability {unknown}
 c - a scroll of identify {unknown}
 d - a scroll of fog {unknown}


   Skills:
 * Level 1.1 Fighting
 * Level 2.0 Dodging
 - Level 1.5 Stealth
 * Level 3.2 Spellcasting
 * Level 4.2 Necromancy


You had 6 spell levels left.
You knew the following spells:

 Your Spells              Type           Power      Damage    Failure   Level
a - Pain                  Necr           56%        1d6       3%          1

Your spell library contained the following spells:

 Spells                   Type           Power      Damage    Failure   Level
 Animate Skeleton         Necr           28%        N/A       3%          1
 Vampiric Draining        Necr           14%        2d7       11%         3
 Corpse Rot               Necr/Air       16%        N/A       13%         2
 Sandblast                Erth           4%         2d4       22%         1
 Passwall                 Tmut/Erth      1%         N/A       32%         2
 Animate Dead             Necr           7%         N/A       36%         4
 Stone Arrow              Conj/Erth      4%         3d7       54%         3
 Agony                    Necr           14%        N/A       71%         5


Dungeon Overview and Level Annotations

Branches:
Dungeon (2/15)

Altars:
Kikubaaqudgha

Annotations:
D:2 Sigmund


Innate Abilities, Weirdness & Mutations

You are immune to poison.
Your flesh is cold resistant. (rC+)
You are immune to negative energy. (rN+++)
You are immune to unholy pain and torment.
You are vulnerable to heat. (rF-)
You do not drink.


Message History

a +0 short sword; a kobold corpse
d - a scroll labelled KEXKIO GEUCRA Sigmund the Dreaded comes into view.
He is wielding a +0 scythe.
Found 22 stones.
Sigmund shouts!
Sigmund says, "Now you see me, now you don't..."
Sigmund writhes in agony.
Sigmund points at you and mumbles some strange words.
You are confused.
A ball python comes into view.
You're too confused to cast spells.
You're too confused to cast spells.
You're too confused to move!
Sigmund gestures at you while chanting. The puff of flame misses you.
You bump into the rock wall.
You feel less confused. Sigmund gestures at you while chanting.
The puff of flame misses you.
Sigmund writhes in agony.
Sigmund writhes in agony.
Sigmund closely misses you.
Sigmund gestures wildly while chanting.
Sigmund flickers and vanishes!
Deactivating autopickup; reactivate with Ctrl-A.
The ball python writhes in agony.
You kill the ball python!
Kikubaaqudgha accepts your kill.
Your Dodging skill increases to level 2!
A magic dart appears from out of thin air!
The magic dart hits you!
Things that are here:
a +0 short sword; a kobold corpse A magic dart appears from out of thin air!
The magic dart hits you!
* * * LOW HITPOINT WARNING * * *
There is a stone staircase leading up here.
A magic dart appears from out of thin air!
The magic dart hits you.
You die...
Kikubaaqudgha rasps: "You have failed me!
Welcome... oblivion!"

##############
#....>.......#######
####...{)..@....#
#.####.......# #†#
#.#####.#
##.####.### #
#..........
#..####.##. #..# #.#
#..###..####...
#............#


There were no monsters in sight!

Vanquished Creatures
  A dart slug (D:1)
  2 ball pythons
  4 giant cockroaches (D:1)
  A goblin (D:1)
  4 hobgoblins (D:1)
  2 kobolds
  5 bats (D:1)
  A frilled lizard (D:1)
  2 rats (D:1)
22 creatures vanquished.

Notes
Turn   | Place    | Note
-------+----------+-------------------------------------------
     0 | D:1      | Gabide the Mummy Necromancer began the quest for the Orb.
     0 | D:1      | Reached XP level 1. HP: 13/13 MP: 4/4
   223 | D:1      | Found a faded altar of an unknown god.
   256 | D:1      | Prayed at the altar of an unknown god.
   256 | D:1      | Became a worshipper of Kikubaaqudgha
   256 | D:1      | Reached * piety under Kikubaaqudgha
   256 | D:1      | Received a gift from Kikubaaqudgha
   348 | D:1      | Reached XP level 2. HP: 20/20 MP: 3/5
   765 | D:1      | Reached skill level 1 in Fighting
  1414 | D:2      | Noticed Sigmund
  1436 | D:2      | Killed from afar by Sigmund

Illustrated notes

Levels and vault maps discovered:
D:1:      sevenhm_arrival_forest_fort_large_4, layout_loops_corners,
          shapermc_ecumenical_altar_acropolis
D:2:      minmay_wonky_spiral, layout_loops_ring, uniq_sigmund

Skill      XL: |  1  2 |
---------------+-------+-----
Spellcasting   | 3 |  3.2
Fighting       | 1 |  1.1
Dodging        | 2 |  2.0
Stealth        | |  1.5
Necromancy     | |  4.2

Action                   || total
-------------------------++-------
Melee: Unarmed           ||     1
 Cast: Pain              ||    46
Dodge: Dodged            ||    12
